 Dungeon Crawl Stone Soup version 0.14-a0-2091-gca92d1a (webtiles) character file.

793 Kae the Ruinous (level 7, 0/36 HPs)
             Began as a Tengu Fire Elementalist on Jan 25, 2014.
             Was a Follower of Vehumet.
             Slain by a gnoll
             ... wielding a +0,+0 spear
              (11 damage)
             ... on Level 4 of the Dungeon.
             The game lasted 00:08:30 (4911 turns).

Kae the Ruinous (Tengu Fire Elementalist)           Turns: 4911, Time: 00:08:30

HP   0/36        AC  2     Str  8      XL: 7   Next: 53%
MP  12/17        EV 12     Int 20      God: Vehumet [*.....]
Gold 144         SH  0     Dex 15      Spells:  3 memorised,  7 levels left

rFire  . . .     SeeInvis .     l - +1,+3 orc short sword (venom)
rCold  . . .     Clarity  .     a - +0 robe
rNeg   + . .     Conserve .     (no shield)
rPois  .         rCorr    .     (helmet restricted)
rElec  .         rRot     .     (no cloak)
SustAb . .       Spirit   .     (no gloves)
rMut   .         Warding  +     (boots unavailable)
Saprov . . .     Stasis   .     p - amulet of warding {unknown}
MR     .....                    (no ring)
                                k - +3 ring of intelligence

@: glowing, not resistant to hostile enchantments, unstealthy
A: able to fly, beak, talons 3
a: Fly, Renounce Religion


You were on level 4 of the Dungeon.
You worshipped Vehumet.
Vehumet was aware of your devotion.
You were not hungry.

You visited 2 branches of the dungeon, and saw 5 of its levels.

You collected 144 gold pieces.

Inventory:

Hand weapons
 i - a +1,+0 dagger
 l - a +1,+3 orcish short sword of venom (weapon)
Armour
 a - a +0 robe (worn)
Magical devices
 v - a wand of magic darts (20)
Comestibles
 c - 3 bread rations
 q - a beef jerky
 C - a rotting chunk of gnoll flesh
Scrolls
 h - a scroll of remove curse
 j - a scroll of curse jewellery
 n - 5 scrolls of identify
 s - a scroll of blinking {unknown}
 t - 2 scrolls of random uselessness
 u - a scroll of fog {unknown}
 A - a scroll of immolation {unknown}
 B - a scroll of enchant weapon I
Jewellery
 k - a +3 ring of intelligence (left hand)
 o - an uncursed ring of protection from cold {unknown}
 p - an amulet of warding (around neck) {unknown}
 y - a +4 ring of evasion {unknown}
Potions
 d - 2 potions of brilliance
 e - a potion of degeneration {unknown}
 f - a potion of heal wounds
 g - 2 potions of mutation
 m - 6 potions of curing
 r - a potion of lignification {unknown}
 x - a potion of restore abilities {unknown}
 z - a potion of flight {unknown}
Books
 b - a book of Flames

   Spells                             Type                      Level
   *Flame Tongue                      Conjuration/Fire             1
   *Throw Flame                       Conjuration/Fire             2
   *Conjure Flame                     Conjuration/Fire             3
   Inner Flame                        Hexes/Fire                   3
   Sticky Flame                       Conjuration/Fire             4
   Fireball                           Conjuration/Fire             5


   Skills:
 - Level 2.1 Dodging
 - Level 2.0 Stealth
 + Level 3.7 Spellcasting
 * Level 6.9 Conjurations
 * Level 6.1 Fire Magic


You had 7 spell levels left.
You knew the following spells:

 Your Spells              Type           Power        Failure   Level  Hunger
a - Flame Tongue          Conj/Fire      ####.        1%          1    None
b - Throw Flame           Conj/Fire      ####..       1%          2    #......
c - Conjure Flame         Conj/Fire      ####....     2%          3    ###....


Dungeon Overview and Level Annotations

Branches:
Dungeon (4/16)             Temple (1/1) D:4

Altars:
Fedhas
Makhleb
Okawaru
Sif Muna
Trog
Vehumet
Xom
Yredelemnul


Innate Abilities, Weirdness & Mutations

You can fly.
You have a beak for a mouth.
You have claws for feet.


Message History

Confirm with . or Enter, or press ? or * to list all spells.
Aiming: Flame Tongue
Press: ? - help, Shift-Dir - straight line, f/p - gnoll
Aim: a gnoll, wielding a flail (moderately wounded)
The flame hits the gnoll.
You kill the gnoll!
Vehumet accepts your kill. The gnoll barely misses you.
The gnoll shaman calls down the wrath of its god upon you.
You are outlined in light.
Casting: Flame Tongue
Confirm with . or Enter, or press ? or * to list all spells.
Aiming: Flame Tongue
Press: ? - help, Shift-Dir - straight line, f - gnoll shaman
Aim: a gnoll shaman, wielding a club and wearing a robe The flame hits the gnoll shaman.
The gnoll shaman is heavily wounded.
The gnoll shaman hits you with a club!
The gnoll hits you from afar with a spear!
You die...

#.# #............#..#### #%#
#............#...... #.#
#..[.........#......
#########.####.......######......
.................................
.........................<.......
.................................
.................................
...............)@...############.
..........#####g##..# #.
######....# ..g.#..# #.
#....#......#..# #.
#....#......#..# #.
#....#.....>#..# #.
#....#......#..# #.
#....########..############.
#...........................


You could see a gnoll shaman and a gnoll.

Vanquished Creatures
  The ghost of wojtek the Slicer, an average KoAs (D:4)
  An ogre (D:3)
  Blork the orc (D:4)
  A hound (D:4)
  Jessica (D:3)
  An ogre skeleton (D:4)
  Terence (D:3)
  7 adders
  7 gnolls (D:4)
  A worm (D:3)
  3 giant geckos
  An ooze (D:1)
  12 orcs
  4 ball pythons
  9 bats
  3 giant cockroaches
  6 hobgoblins
  6 jackals
  12 kobolds
  2 quokkas
  6 giant newts
  15 goblins
  A goblin skeleton (D:4)
  A hobgoblin skeleton (D:4)
  A kobold skeleton (D:4)
  7 rats
111 creatures vanquished.

Notes
Turn   | Place    | Note
--------------------------------------------------------------
     0 | D:1      | Kae, the Tengu Fire Elementalist, began the quest for the Orb.
     0 | D:1      | Reached XP level 1. HP: 10/10 MP: 3/3
   703 | D:1      | Reached XP level 2. HP: 12/15 MP: 3/5
  1044 | D:1      | Reached skill level 4 in Fire Magic
  1131 | D:1      | Reached XP level 3. HP: 19/19 MP: 5/7
  2034 | D:3      | Noticed Jessica
  2043 | D:3      | Killed Jessica
  2043 | D:3      | Reached XP level 4. HP: 7/24 MP: 1/9
  2422 | D:3      | Noticed Terence
  2511 | D:2      | Learned a level 2 spell: Throw Flame
  2515 | D:2      | Learned a level 3 spell: Conjure Flame
  2577 | D:3      | Killed Terence
  2898 | D:3      | Reached XP level 5. HP: 17/28 MP: 2/11
  3534 | D:4      | Found a staircase to the Ecumenical Temple.
  3550 | Temple   | Entered the Ecumenical Temple
  3566 | Temple   | Became a worshipper of Vehumet
  3886 | D:4      | Reached skill level 5 in Conjurations
  3954 | D:4      | Reached XP level 6. HP: 18/32 MP: 4/14
  3982 | D:4      | Noticed wojtek's ghost (average KoAs)
  3998 | D:4      | Noticed Blork the orc
  4016 | D:4      | Killed wojtek's ghost
  4016 | D:4      | Reached skill level 5 in Fire Magic
  4199 | D:4      | Reached skill level 6 in Conjurations
  4207 | D:4      | Acquired Vehumet's first power
  4207 | D:4      | Offered knowledge of Sting by Vehumet.
  4226 | D:4      | Killed Blork the orc
  4226 | D:4      | Reached XP level 7. HP: 18/36 MP: 5/17
  4685 | D:4      | Noticed an ogre
  4712 | D:3      | Killed an ogre
  4911 | D:4      | Slain by a gnoll

Action                   |  1- 3 |  4- 6 |  7- 9 || total
-------------------------+-------+-------+-------++-------
Melee: Unarmed           |     4 |       |       ||     4
       Short sword       |     3 |    16 |     1 ||    20
       Dagger            |    42 |    37 |       ||    79
 Cast: Flame Tongue      |    52 |    96 |    38 ||   186
       Conjure Flame     |       |     3 |     2 ||     5
       Throw Flame       |       |     1 |       ||     1
Evoke: Wand              |       |     4 |       ||     4
  Use: Potion            |     2 |       |       ||     2
       Scroll            |       |    12 |       ||    12
 Stab: Sleeping          |     1 |     2 |       ||     3
       Distracted        |     1 |       |       ||     1
